AoeStats
← kevlarpukks

Nomad

510233334Analyzed
2v2 RM · 10h ago on Sep 30, 2026· 50m 13s· 4 players
Game mode
Random Map
Map size
176×176
Population
200
Speed
Normal
Resources
Standard
Victory
Conquest
Starting age
Dark Age
Ending age
Imperial Age
RankedLock teamsTeams togetherTeam positionsShared explorationLock speedFull tech treeHidden civsTurbo modeCheats
Victory
Defeat
🇲🇽 Malians · Mexico
449
+14
🇲🇽 Huns · Mexico
417
+15
🇬🇧 Japanese · United Kingdom
406
-15
🇬🇧 Aztecs · United Kingdom
386
-14
kevlarpukks
17:58 Feudal Age
18:23 Man-at-Arms
20:21 Fishing Lines
Lieutenant Columbo
16:47 Loom
19:11 Feudal Age
19:43 Fishing Lines
21:31 Fishing Lines
26:48 Wheelbarrow
26:55 Double-Bit Axe
38:10 Castle Age
35:57 Town Watch
39:35 Gillnets
40:45 Bow Saw
40:34 Gambesons
petermurphymx
20:08 Feudal Age
22:08 Horse Collar
22:16 Double-Bit Axe
29:34 Castle Age
29:52 Stone Mining
29:53 Gold Mining
30:00 Gold Mining
30:25 Forging
30:05 Fletching
29:39 Man-at-Arms
29:42 Crossbowman
38:21 Imperial Age
38:31 Imperial Age
37:56 Bodkin Arrow
38:37 Iron Casting
38:30 Squires
38:45 Bloodlines
42:28 Scale Mail Armor
44:16 Bow Saw
44:52 Stone Shaft Mining
44:53 Gold Shaft Mining
44:44 Chain Mail Armor
44:30 Padded Archer Armor
44:36 Scale Barding Armor
43:57 Pikeman
44:54 Thumb Ring
46:38 Plate Mail Armor
46:24 Leather Archer Armor
47:13 Conscription
47:41 Wheelbarrow
49:34 Murder Holes
49:43 Town Watch
Leyendhero
18:15 Feudal Age
24:06 Castle Age
25:51 Forging
25:48 Scale Barding Armor
41:27 Imperial Age
39:05 Fletching
43:50 Bodkin Arrow
47:30 Chemistry
46:27 Murder Holes
46:56 Ballistics
46:52 Bracer
46:57 Padded Archer Armor
Connection lost

Rejoining the realm…

Still unreachable

The connection could not be restored.

Session expired

The server has moved on; the page needs a fresh start.